 Dungeon Crawl Stone Soup version 0.31.0-11-ge490571c62 (webtiles) character file.

Game seed: 2362462939979540978

5562 RepHenryClay the Basher (level 10, -11/73 HPs)
             Began as a Ghoul Gladiator on Jan 27, 2024.
             Killed by divine providence
             ... invoked by an orc priest
              (12 damage)
             ... on level 9 of the Dungeon.
             The game lasted 00:17:30 (9804 turns).

RepHenryClay the Basher (Ghoul Gladiator)           Turns: 9804, Time: 00:17:31

Health: -11/73     AC: 13    Str: 25    XL:     10   Next: 72%
Magic:  10/10      EV: 10    Int:  7    God:
Gold:   490        SH:  0    Dex: 14    Spells: 9/9 levels left

rFire   . . .        a - +0 flail
rCold   + . .        (no shield)
rNeg    + + +        p - +0 chain mail
rPois   ∞            c - +2 hat {Will+}
rElec   .            P - +0 cloak
rCorr   .            (no gloves)
SInv    .            (no boots)
Will    +....        (no amulet) Stlth
                     t - +6 ring of strength
HPRegen 0.00/turn    (no ring)
MPRegen 0.12/turn

%: no passive effects
@: about to teleport, attractive, inhibited regen
A: claws 1, cold resistance 1, negative energy resistance 3, inhibited
regeneration, torment resistance 2, devour on kill
a: no special abilities


You were on level 9 of the Dungeon.
You visited 2 branches of the dungeon, and saw 11 of its levels.

You collected 490 gold pieces.

Inventory:

Hand Weapons
 a - a +0 flail (weapon)
 O - a +4 war axe
Missiles
 d - 3 throwing nets
 e - a javelin
 h - a curare-tipped dart
 A - 10 poisoned darts (quivered)
Armour
 c - a +2 hat of willpower (worn)
 p - a +0 chain mail (worn)
 y - the +1 leather armour "Hero's Friend" {rPois Dex+3 SInv}
   (You found it on level 3 of the Dungeon)

   Dex+3:     It affects your dexterity (+3).
   rPois:     It protects you from poison SInv: It lets you see invisible.
 C - a +1 helmet
 P - a +0 cloak (worn)
Jewellery
 k - a ring of fire
 s - an amulet of faith
 t - a +6 ring of strength (left claw)
 w - a ring of ice
 D - a ring of protection from fire
Wands
 z - a wand of quicksilver (9)
 E - a wand of charming (16)
 F - a wand of roots (7)
 L - a wand of flame (25)
Scrolls
 f - a scroll of silence {unknown}
 g - a scroll of noise
 i - 2 scrolls of immolation
 j - 11 scrolls of identify
 m - a scroll of revelation {unknown}
 o - a scroll of enchant weapon {unknown}
 r - 3 scrolls of vulnerability
 u - a scroll of acquirement {unknown}
 v - a scroll of blinking {unknown}
 x - a scroll of enchant armour
 G - a scroll of fear {unknown}
Potions
 l - 7 potions of curing {unknown}
 n - 8 potions of mutation {unknown}
 q - 3 potions of berserk rage {unknown}
 B - a potion of enlightenment {unknown}
 H - a potion of ambrosia {unknown}
 I - a potion of brilliance {unknown}
 K - a potion of cancellation
 M - a potion of invisibility {unknown}
 N - a potion of attraction


   Skills:
 - Level 2.1 Fighting
 * Level 13.2 Maces & Flails
 - Level 1.7 Throwing
 - Level 5.8 Armour
 - Level 2.6 Dodging


You had 9 spell levels left.
You didn't know any spells.
Your spell library contained the following spells:

 Spells                   Type           Power      Damage    Failure   Level
 Summon Small Mammal      Summ           0%         N/A       92%         1
 Static Discharge         Conj/Air       0%         3-3/arc   98%         2
 Call Canine Familiar     Summ           0%         N/A       100%        3
 Inner Flame              Hex/Fire       0%         N/A       100%        3
 Volatile Blastmotes      Fire/Tloc      0%         2d10      100%        3
 Airstrike                Air            0%         2d(0-16)  100%        4
 Fulminant Prism          Conj/Alch      0%         3d5       100%        4
 Iskenderun's Mystic Bla  Conj/Tloc      0%         2d3       100%        4
 Summon Blazeheart Golem  Fire/Summ      0%         N/A       100%        4
 Summon Lightning Spire   Summ/Air       0%         N/A       100%        4
 Irradiate                Conj/Alch      0%         3d11      100%        5
 Ignition                 Fire           0%         3d3       100%        8


Dungeon Overview and Level Annotations

Branches:
Dungeon (10/15)            Temple (1/1) D:7
   Lair: D:8-11         Orc: D:9-12

Altars:
Ashenzari
Cheibriados
Dithmenos
Fedhas
Gozag
Hepliaklqana
Kikubaaqudgha
Makhleb
Nemelex Xobeh
Qazlal
Ru
Sif Muna
Trog
Uskayaw
Vehumet
Wu Jian
Xom
Yredelemnul

Shops:
D:8 *

Annotations:
D:8 2 exclusions, Erica, Jeremiah
D:9 1 transporter, SlowGraham's ghost, novice HOCj


Innate Abilities, Weirdness & Mutations

You are immune to poison.
You have sharp fingernails.
Your flesh is cold resistant. (rC+)
You are immune to negative energy. (rN+++)
You do not regenerate when monsters are visible.
You are immune to unholy pain and torment.
You thrive by killing the living.


Message History

Your butterfly disappears in a burst of colours!
The orc closely misses your butterfly. The orc priest misses your butterfly.
The orc priest loudly roars encouragement to no one in particular.
The orc priest completely misses your butterfly.
The orc barely misses your butterfly. The orc closely misses your butterfly.
The orc misses your butterfly.
The orc hits your butterfly with a +0 hand axe.
Your butterfly dies!
Your butterfly disappears in a burst of colours!
The orc hits your butterfly with a +0 short sword.
Your butterfly dies!
Your butterfly disappears in a burst of colours!
Okay, then.
As you read the scroll of teleportation, it crumbles to dust.
You feel strangely unstable.
Something completely misses your butterfly.
The orc priest mumbles some strange prayers to Beogh against you.
Beogh smites you!
* * * LOW HITPOINT WARNING * * *
The orc hits your butterfly with a +0 hand axe.
Your butterfly dies!
Your butterfly disappears in a burst of colours!
The orc hits your butterfly with a +0 hand axe.
Your butterfly dies!
Your butterfly disappears in a burst of colours!
The orc barely misses your butterfly.
The orc completely misses your butterfly.
The orc closely misses your butterfly. The orc misses your butterfly. x3
The orc hits your butterfly with a +0 short sword.
Your butterfly dies!
Your butterfly disappears in a burst of colours!
Huge Dmg: -19%(-14hp) hp: 2%(1hp) Level annotation: 1 transporter, SlowGraham's ghost, novice HOCj Welcome back, RepHenryClay the Ghoul Gladiator.
Press ? for a list of commands and other information.
It was a potion of attraction.
You feel attractive to monsters.
The orc priest mumbles some strange prayers to Beogh against you.
Beogh smites you!
You die...

.. .# . ..#....
#...#.#####
....bb.b...
.oo#......
#...b...##
#b..b.bb.#
#b.bbbb..#
#b#####b@b.bbb.#


#....bObbbbbb.# #.####.oo.o....# ..<.o.b###.# #.#.b...# # #.#o...b# # #.#..b.
#.####.# .. .# You could see a two-headed ogre, 3 orc priests and 4 orcs.

Vanquished Creatures
  Gastronok (D:8)
  A two-headed ogre (D:9)
  Maurice (D:7)
  Grinder (D:5)
  2 hornets
  A wyvern (D:6)
  A wraith (D:6)
  An acid dragon (D:8)
  A water moccasin (D:7)
  4 black bears
  2 sky beasts
  An ogre (D:6)
  3 kobold brigands
  Blork the orc (D:4)
  2 scorpions
  3 wights (D:7)
  6 killer bees (D:9)
  4 howler monkeys
  2 electric eels (D:9)
  A bombardier beetle (D:4)
  4 jellies
  4 orc priests
  4 hounds
  Ijyb (D:5)
  A sleepcap (D:4)
  2 iguanas
  2 orc wizards
  7 adders
  4 white imps
  2 ufetubi (D:5)
  2 dart slugs (D:1)
  A ribbon worm (D:4)
  26 orcs
  5 endoplasms
  5 giant cockroaches
  3 hobgoblins
  3 jackals (D:1)
  6 quokkas
  6 ball pythons
  6 bats
  6 frilled lizards
  12 goblins
  18 kobolds
  6 rats
175 creatures vanquished.

Notes
Turn   | Place    | Note
-------+----------+-------------------------------------------
     0 | D:1      | RepHenryClay the Ghoul Gladiator began the quest for the
                  | Orb.
     0 | D:1      | Reached XP level 1. HP: 17/17 MP: 1/1
   121 | D:1      | Reached skill level 3 in Maces & Flails
   127 | D:1      | Reached XP level 2. HP: 19/24 MP: 2/2
   220 | D:1      | Reached skill level 1 in Armour
   261 | D:1      | Reached XP level 3. HP: 29/29 MP: 3/3
  1125 | D:2      | Reached XP level 4. HP: 36/36 MP: 4/4
  1202 | D:2      | Reached skill level 4 in Maces & Flails
  1426 | D:3      | Found a hide-covered altar of Uskayaw.
  1554 | D:3      | Found an opulent altar of Gozag.
  1566 | D:3      | Identified the +1 leather armour "Hero's Friend" {rPois
                  | Dex+3 SInv}
  1624 | D:3      | Reached XP level 5. HP: 39/41 MP: 5/5
  1937 | D:4      | Noticed Blork the orc
  2050 | D:4      | Killed Blork the orc
  2051 | D:4      | Reached skill level 5 in Maces & Flails
  2067 | D:4      | Noticed a black bear
  2076 | D:4      | Reached XP level 6. HP: 46/48 MP: 6/6
  2086 | D:4      | Killed a black bear
  2468 | D:4      | Reached XP level 7. HP: 49/55 MP: 7/7
  2479 | D:4      | Reached skill level 6 in Maces & Flails
  2982 | D:5      | Entered Level 5 of the Dungeon
  3469 | D:5      | Noticed Grinder
  3472 | D:5      | Paralysed by Grinder for 5 turns
  3498 | D:5      | Killed Grinder
  3499 | D:5      | Reached skill level 7 in Maces & Flails
  3499 | D:5      | Reached XP level 8. HP: 55/61 MP: 8/8
  4098 | D:5      | Noticed Ijyb
  4131 | D:5      | Killed Ijyb
  4332 | D:6      | Noticed a wyvern
  4351 | D:6      | Killed a wyvern
  4352 | D:6      | Reached skill level 5 in Armour
  4558 | D:6      | Reached skill level 8 in Maces & Flails
  5165 | D:6      | Noticed a wraith
  5191 | D:6      | Killed a wraith
  5192 | D:6      | Reached XP level 9. HP: 36/67 MP: 9/9
  5303 | D:6      | Reached skill level 9 in Maces & Flails
  6391 | D:7      | Reached skill level 10 in Maces & Flails
  6915 | D:7      | Found a staircase to the Ecumenical Temple.
  7209 | Temple   | Entered the Ecumenical Temple
  7380 | D:8      | Noticed Maurice
  7392 | D:8      | Maurice stole 469 gold
  7394 | D:8      | Something stole a ring of ice
  7395 | D:8      | Something stole a +4 war axe
  7397 | D:8      | Noticed Gastronok
  7871 | D:7      | Killed Maurice
  8390 | D:8      | Killed Gastronok
  8391 | D:8      | Reached skill level 12 in Maces & Flails
  8391 | D:8      | Reached XP level 10. HP: 34/73 MP: 10/10
  8552 | D:8      | Found Qarch's General Store.
  8947 | D:8      | Noticed Erica
  9286 | D:8      | Noticed Jeremiah
  9381 | D:9      | Found a transporter.
  9381 | D:9      | Noticed a centaur warrior
  9382 | D:9      | You fall into a shaft and drop 1 floor!
  9382 | D:10     | Entered Level 10 of the Dungeon
  9402 | D:9      | Noticed SlowGraham's ghost (novice HOCj)
  9405 | D:9      | a spriggan changed into a cane toad
  9405 | D:9      | Noticed a cane toad (shapeshifter)
  9412 | D:9      | a cane toad changed into a raiju
  9615 | D:9      | Noticed a two-headed ogre
  9629 | D:9      | Killed a two-headed ogre
  9630 | D:9      | Reached skill level 13 in Maces & Flails
  9797 | D:9      | Noticed a two-headed ogre
  9803 | D:9      | HP: 1/73 [orc priest/divine providence (14)]
  9804 | D:9      | Killed from afar by an orc priest

Illustrated notes

Levels and vault maps discovered:
D:1:      minmay_arrival_up_and_down, layout_rooms, serial_forest,
          infiniplex_forest_lined_room_, infiniplex_forest_clump_double,
          infiniplex_forest_end_1, infiniplex_forest_straight_3,
          infiniplex_forest_straight_4, infiniplex_forest_clump_diagonal,
          infiniplex_forest_straight_3, infiniplex_forest_side_room
D:2:      layout_loops_ring, fountainhead, nicolae_half_adder
D:3:      layout_rooms, mainiacjoe_overflow_cross_hatched, grunt_gozag_statues
D:4:      kennysheep_six_static_rooms, layout_loops_cross,
          kennysheep_flooded_box, uniq_blork_the_orc
D:5:      cheibrodos_thug_alley, layout_basic, minmay_strange_pillars,
          kennysheep_generic_room_8, uniq_grinder, uniq_ijyb
D:6:      layout_loops_cross, st_stairs_5, kb_rosetta
D:7:      layout_basic, minmay_temple_entry_antechambers
D:8:      layout_loops_cross, serial_shops, nicolae_inconvenience_store,
          grunt_decor_fettered, dreamdust_princess_corridor, uniq_gastronok,
          uniq_jeremiah, uniq_maurice, uniq_erica
D:9:      layout_basic, lemuel_crystal_altar, david_lair_shrubbed,
          gammafunk_ghost_arena
D:10:     layout_stronghold, mainiacjoe_overflow_divided_tiny,
          minmay_fractal_squares_gapless_7, uniq_sonja
Temple:   nicolae_temple_bog_church

Skill      XL: |  1  2  3  4  5  6  7  8  9 10 |
---------------+-------------------------------+-----
Maces & Flails | 3 4 5 7 8 12 13 | 13.2
Armour         | 1 2 3 4 5 |  5.8
Fighting       | |  2.1
Throwing       | |  1.7
Dodging        | |  2.6

Action                     |  1- 3 |  4- 6 |  7- 9 | 10-12 || total
---------------------------+-------+-------+-------+-------++-------
  Melee: Flail             |   123 |   155 |   433 |    74 ||   785
         Punch             |       |     4 |     6 |       ||    10
  Throw: Dart              |       |       |    47 |    25 ||    72
  Evoke: Wand              |       |       |     3 |     6 ||     9
    Use: Potion            |       |     6 |     1 |     2 ||     9
         Scroll            |       |       |       |     8 ||     8
   Stab: Sleeping          |       |     1 |       |       ||     1
 Armour: Leather armour    |    52 |    54 |    18 |       ||   124
         Ring mail         |    16 |    35 |       |       ||    51
         Chain mail        |       |       |   363 |    84 ||   447
  Dodge: Dodged            |   103 |   118 |   178 |    50 ||   449
